 Dungeon Crawl Stone Soup version 0.22-a0-456-g11ed031 (webtiles) character file.

106 Flamexio the Cudgeler (level 5, 0/41 HPs)
             Began as a Human Berserker on June 6, 2018.
             Was a Believer of Trog.
             Killed by divine providence
             ... invoked by an orc priest
              (13 damage)
             ... on level 3 of the Dungeon.
             The game lasted 00:19:34 (2320 turns).

Flamexio the Cudgeler (Human Berserker)             Turns: 2320, Time: 00:19:34

Health: 0/41       AC:  7    Str: 19    XL:     5   Next: 10%
Magic:  5/5        EV: 10    Int:  7    God:    Trog [**....]
Gold:   144        SH:  0    Dex: 12    Spells: 4/4 levels left

rFire    . . .     SeeInvis .   y - +2 short sword (flame)
rCold    . . .     Gourm    .   (no shield)
rNeg     . . .     Faith    .   h - +0 scale mail
rPois    .         Spirit   .   (no helmet)
rElec    .         Reflect  .   (no cloak)
rCorr    .         Harm     .   (no gloves)
MR       .....                  E - +0 pair of boots
Stlth    ..........             (no amulet)
HPRegen  0.13/turn              (no ring)
MPRegen  0.09/turn              (no ring)

@: about to teleport
A: no striking features
a: Berserk, Trog's Hand, Renounce Religion


You were on level 3 of the Dungeon.
You worshipped Trog.
Trog was pleased with you.
You were not hungry.

You visited 1 branch of the dungeon, and saw 3 of its levels.

You collected 144 gold pieces.

Inventory:

Hand Weapons
 a - a +0 mace
 f - a +4 dagger
 k - a cursed -3 dagger
 u - a cursed +0 arbalest
 y - a +2 short sword of flaming (weapon)
Missiles
 e - 26 bolts
 i - 57 stones (quivered)
 s - 18 poisoned needles
Armour
 b - a +0 animal skin
 h - a +0 scale mail (worn)
 E - a +0 pair of boots (worn)
Jewellery
 p - a +5 amulet of reflection {unknown}
Scrolls
 g - a scroll of magic mapping
 n - a scroll of blinking {unknown}
 o - 2 scrolls of amnesia {unknown}
 q - 3 scrolls of identify {unknown}
 r - a scroll of fear {unknown}
 t - 3 scrolls of teleportation
 w - a scroll of random uselessness {unknown}
 x - a scroll of immolation {unknown}
 A - a scroll of remove curse {unknown}
 D - a scroll of fog {unknown}
Potions
 j - a potion of magic {unknown}
 l - a potion of lignification {unknown}
 v - 5 potions of heal wounds {unknown}
 B - a potion of flight {unknown}
 C - a potion of haste {unknown}
Comestibles
 c - 3 rations
 z - a chunk of flesh


   Skills:
 + Level 3.5 Fighting
 + Level 0.9 Short Blades
 + Level 3.8 Maces & Flails
 + Level 0.5 Throwing
 + Level 3.0 Armour
 + Level 2.4 Dodging


You had 4 spell levels left.
You didn't know any spells.
Your spell library was empty.

Dungeon Overview and Level Annotations

Branches:
Dungeon (3/15)

Altars:
Sif Muna

Annotations:
D:3 Jessica


Message History

You hit the orc. You burn the orc.
The orc is severely wounded.
The orc barely misses you. Jessica hits you but does no damage.
You hit the orc. You burn the orc.
You kill the orc!
Trog accepts your kill.
Jessica gestures wildly while chanting.
Jessica blinks!
The giant cockroach barely misses you. Jessica gestures at you while chanting.
Pain shoots through your body!
* * * LOW HITPOINT WARNING * * *
As you read the scroll labeled DOESUO QUASM, it crumbles to dust.
You feel strangely unstable.
It was a scroll of teleportation.
The orc wizard mumbles some strange words.
The orc wizard blinks!
The giant cockroach barely misses you.
The giant cockroach bites you but does no damage.
You barely miss Jessica.
The orc priest calls down the wrath of Beogh upon you.
Beogh smites you!
You die...

*,,,* *,,*,,* *
#**,*,*##*,,*,.#***** *
#.,,*,,.#*,,,,..,,,,*****
#.#####.,,,**,..,,,,,,,,,
#.......*****,.##**,**,*,
##.....## *,..,#*,*,*,,
##.....(.## **.#.##.<***,
#.........#####......#****
#.......@@so[oo.....(.,**,
#.........#####.#.....,*,,
##.......## *.#,,...,,,,
##รท....## *.#*,,,.,**,
#....## *..,,,,,,,,,
#.#### *##***,****,
#<##########******,,,,,,
#...........,,,,,,,****,
############******** **


You could see an orc priest, an orc wizard, Jessica, an orc and a giant
cockroach.

Vanquished Creatures
  4 gnolls (D:2)
  3 oozes
  A worm (D:2)
  2 dart slugs
  2 leopard geckos (D:2)
  An orc (D:3)
  4 bats
  3 giant cockroaches
  4 goblins
  5 hobgoblins (D:1)
  A quokka (D:2)
  11 kobolds
  5 rats
46 creatures vanquished.

Vanquished Creatures (others)
  2 plants (D:2)
2 creatures vanquished.

Grand Total: 48 creatures vanquished

Notes
Turn   | Place    | Note
-------+----------+-------------------------------------------
     0 | D:1      | Flamexio the Human Berserker began the quest for the Orb.
     0 | D:1      | Reached XP level 1. HP: 18/18 MP: 1/1
   124 | D:1      | Reached XP level 2. HP: 22/24 MP: 2/2
   353 | D:1      | Reached XP level 3. HP: 27/29 MP: 3/3
  1371 | D:2      | Reached ** piety under Trog
  1426 | D:2      | Reached XP level 4. HP: 17/35 MP: 4/4
  2083 | D:2      | Found a deep blue altar of Sif Muna.
  2256 | D:3      | Reached XP level 5. HP: 41/41 MP: 5/5
  2288 | D:3      | Noticed Jessica
  2320 | D:3      | Killed from afar by an orc priest

Vault maps used:
D:1:      arrival_zaba_pyramid, minmay_tetromino_o4
D:2:      lemuel_blue_sif_altar, first_ration, interstate_on_off,
          lexackson_kobold_supper
D:3:      lemuel_coloured_pillars_altar, uniq_jessica, uniq_natasha

Skill      XL: |  1  2  3  4 |
---------------+-------------+-----
Armour         | 3 |  3.0
Fighting       | |  3.5
Short Blades   | |  0.9
Maces & Flails | |  3.8
Throwing       | |  0.5
Dodging        | |  2.4

Action                   |  1- 3 |  4- 6 || total
-------------------------+-------+-------++-------
Melee: Mace              |   103 |       ||   103
       Short sword       |    26 |    52 ||    78
Throw: Stone             |    15 |     4 ||    19
  Use: Potion            |       |     2 ||     2
       Scroll            |       |     3 ||     3
  Eat: Ration            |     1 |       ||     1
       Chunk             |       |     1 ||     1
Armor: Scale mail        |    61 |    28 ||    89
       Animal skin       |     2 |       ||     2
Dodge: Dodged            |    79 |    38 ||   117

Table legend:
 A = Spawn XP
 B = Non-spawn XP
 C = Spawn XP percentage of total XP
 D = Spawn monster count
 E = Non-spawn monster count
 F = Spawn count percentage of total count
 G = Total turns spent on level
                    A         B        C        D         E        F      G
               +---------+---------+-------+---------+---------+-------+---------
         Total |       0 |     152 |   0.0 |       0 |      46 |   0.0 |  2320
               +---------+---------+-------+---------+---------+-------+---------
           D:1 |       0 |      34 |   0.0 |       0 |      17 |   0.0 |   829
           D:2 |       0 |     103 |   0.0 |       0 |      25 |   0.0 |  1416
           D:3 |       0 |      15 |   0.0 |       0 |       4 |   0.0 |    75
               +---------+---------+-------+---------+---------+-------+---------
